 Dungeon Crawl Stone Soup version 0.29.1-15-g9cfb28693d (webtiles) character file.

Game seed: 15530362813165576423

184 booth the Chopper (level 5, -11/69 HPs)
             Began as a Minotaur Gladiator on Mar 20, 2023.
             Was a Follower of Qazlal.
             Killed by divine providence
             ... invoked by an orc priest
              (12 damage)
             ... on level 3 of the Dungeon.
             The game lasted 00:12:27 (2817 turns).

booth the Chopper (Minotaur Gladiator)              Turns: 2817, Time: 00:12:28

Health: -11/69     AC: 22    Str: 21    XL:     5   Next: 36%
Magic:  4/4        EV:  2    Int:  5    God:    Qazlal [*.....]
Gold:   129        SH:  2    Dex: 17    Spells: 4/4 levels left

rFire   + . .      SeeInvis +   a - +2 war axe
rCold   + . .      Faith    .   (no shield)
rNeg    . . .      Spirit   .   (body armour currently unavailable)
rPois   +          Reflect  .   (helmet currently unavailable)
rElec   +          Harm     .   (cloak currently unavailable)
rCorr   +          Rampage  .   (gloves currently unavailable)
Will    .....      NoTele   +   (boots currently unavailable)
Stlth   +.........              (no amulet)
HPRegen 0.21/turn               k - +6 ring of dexterity
MPRegen 0.09/turn               h - ring of see invisible

@: lethally poisoned (-11 -> -15), tree-form, resistant
A: stationary, stasis, torment immunity, boosted hp, (horns 2), (retaliatory
headbutt)
a: Renounce Religion


You were on level 3 of the Dungeon.
You worshipped Qazlal.
Qazlal was aware of your devotion.
You were a tree.
You visited 1 branch of the dungeon, and saw 3 of its levels.

You collected 129 gold pieces.

Inventory:

Hand Weapons
 a - a +2 war axe (weapon)
 g - the +5 sling of Qiuret {venom, rPois Str+6 Int-5}
   (You found it on level 2 of the Dungeon)

   Any ammunition fired from it poisons the flesh of those it strikes.
   Str:       It affects your strength (+6).
   Int:       It affects your intelligence (-5).
   rPois:     It protects you from poison.
 n - a +0 mace
Missiles
 d - 3 throwing nets (quivered)
 e - a javelin
 p - 5 stones
Armour
 b - a +0 leather armour (melded)
 c - a +0 hat (melded)
Jewellery
 h - a ring of see invisible (right branch)
 k - a +6 ring of dexterity (left branch)
Scrolls
 f - a scroll of torment {unknown}
 m - a scroll of fear {unknown}
 o - a scroll of identify {unknown}
 q - a scroll of enchant weapon


   Skills:
 + Level 3.7 Fighting
 * Level 5.4 Axes
 + Level 3.0 Throwing
 + Level 4.2 Dodging


You had 4 spell levels left.
You didn't know any spells.
Your spell library contained the following spells:

 Spells                   Type           Power      Damage    Failure   Level
 Foxfire                  Conj/Fire      0%         2x1d4     47%         1
 Ensorcelled Hibernation  Hex/Ice        0%         N/A       63%         2
 Passwall                 Tmut/Erth      0%         N/A       63%         2
 Conjure Flame            Conj/Fire      0%         6-21      85%         3
 Dazzling Flash           Conj/Hex       0%         N/A       85%         3
 Inner Flame              Hex/Fire       0%         N/A       85%         3
 Swiftness                Air            0%         N/A       85%         3
 Flame Wave               Conj/Fire      0%         2d4       99%         4
 Iskenderun's Mystic Bla  Conj/Tloc      0%         2d3       99%         4
 Blade Hands              Tmut           0%         N/A       100%        5
 Irradiate                Conj/Tmut      0%         3d11      100%        5
 Starburst                Conj/Fire      0%         6d3       100%        6
 Dragon Form              Tmut           0%         N/A       100%        7


Dungeon Overview and Level Annotations

Branches:
Dungeon (3/15)

Altars:
Qazlal


Innate Abilities, Weirdness & Mutations

You are a tree.
Your roots penetrate the ground, keeping you stationary.
You cannot be teleported.
You are immune to unholy pain and torment.
Your maximum health is greatly increased.
Your equipment is partially melded.
((You have a pair of horns on your head.))
((You reflexively headbutt those who attack you in melee.))


Message History

You see here a necrophage corpse.
You hit the orc but do no damage.
You feel very sick.
The orc hits you with a +0 dagger of venom.
* * * LOW HITPOINT WARNING * * *
You are lethally poisoned!
An orc comes into view. It is wielding a +0 club.
The orc completely misses you.
You closely miss the orc.
* * * LOW HITPOINT WARNING * * *
You feel very sick.
The orc shouts!
The orc completely misses you.
You completely miss the orc.
* * * LOW HITPOINT WARNING * * *
You feel very sick. The orc closely misses you. You furiously retaliate!
You headbutt the orc!
You kill the orc!
Qazlal accepts your kill.
* * * LOW HITPOINT WARNING * * *
You feel sick.
It was a potion of flight.
You feel very buoyant.
You fly up into the air.
* * * LOW HITPOINT WARNING * * *
You feel sick.
It was a potion of resistance.
You feel protected.
* * * LOW HITPOINT WARNING * * *
You feel sick.
An orc priest comes into view. It is wielding a +0 dagger.
It was a potion of lignification.
You turn into a tree.
Your +0 hat melds into your body.
Your +0 leather armour melds into your body.
Your roots penetrate the ground.
* * * LOW HITPOINT WARNING * * *
You feel sick.
The orc priest calls down the wrath of Beogh upon you.
Beogh smites you!
You die...

♣## +.# ♣♣♣+♣♣♣♣.#
#......#.#
#........#############
#...)o♣+..............
#....†.###?....########
#.o####.##.....##.....#
#..> ........''.....#
#.# ...#.....##...).' #
....#.....##.....#
##..############## #..#
....... ######.


You could see an orc priest and an orc.

Vanquished Creatures
  A scorpion (D:3)
  A necrophage (D:3)
  An adder (D:2)
  A worm (D:2)
  A dart slug (D:1)
  An orc (D:3)
  6 ball pythons
  4 bats
  3 endoplasms
  4 giant cockroaches
  6 goblins
  4 hobgoblins
  5 kobolds
  A quokka (D:1)
  6 frilled lizards
  3 rats
48 creatures vanquished.

Notes
Turn   | Place    | Note
-------+----------+-------------------------------------------
     0 | D:1      | booth the Minotaur Gladiator began the quest for the Orb.
     0 | D:1      | Reached XP level 1. HP: 18/18 MP: 0/0
   511 | D:1      | Reached XP level 2. HP: 11/25 MP: 1/1
   766 | D:1      | Reached skill level 4 in Axes
  1154 | D:1      | Found a faded altar of an unknown god.
  1222 | D:1      | Reached XP level 3. HP: 30/30 MP: 2/2
  1717 | D:1      | Prayed at the altar of an unknown god.
  1717 | D:1      | Became a worshipper of Qazlal Stormbringer
  1717 | D:1      | Reached * piety under Qazlal
  2005 | D:2      | Identified the +5 sling of Qiuret {venom, rPois Str+6
                  | Int-5}
  2524 | D:3      | Noticed a scorpion
  2535 | D:3      | Killed a scorpion
  2536 | D:3      | Reached skill level 5 in Axes
  2536 | D:3      | Reached XP level 4. HP: 17/38 MP: 3/3
  2799 | D:3      | Noticed a necrophage
  2809 | D:3      | Killed a necrophage
  2810 | D:3      | Reached XP level 5. HP: 20/46 MP: 4/4
  2815 | D:3      | HP: 2/46 [poisoned by an orc]
  2817 | D:3      | Killed from afar by an orc priest

Illustrated notes

Levels and vault maps discovered:
D:1:      sevenhm_arrival_forest_fort_large_2, layout_basic, serial_aquarium,
          aquarium_bridge_square [aquarium_subvault_balcony,
          aquarium_subvault_bridge, aquarium_subvault_bridge,
          aquarium_subvault_bridge], aquarium_window_1, aquarium_window_2,
          aquarium_view_2d, aquarium_view_4, aquarium_pool_1,
          hellmonk_ecumenical_altar_run_dry
D:2:      layout_loops_ring
D:3:      layout_basic, mainiacjoe_overflow_six_doors_small

Skill      XL: |  1  2  3  4 |
---------------+-------------+-----
Axes           | 4 5 |  5.4
Fighting       | 3 |  3.7
Dodging        | 4 |  4.2
Throwing       | 3 |  3.0

Action                   |  1- 3 |  4- 6 || total
-------------------------+-------+-------++-------
Melee: War axe           |    89 |    14 ||   103
       Headbutt          |     8 |     2 ||    10
       Punch             |     1 |       ||     1
  Use: Scroll            |     5 |       ||     5
       Potion            |     1 |     3 ||     4
Armor: Leather armour    |    22 |     2 ||    24
Dodge: Dodged            |    54 |    10 ||    64
Block: Other             |       |     1 ||     1
